 Dungeon Crawl Stone Soup version 0.29-a0-551-gffc1d7fb78 (webtiles) character file.

Game seed: 16751397259578827191

333714 MFDOOM the Wrestler (level 20, -12/210 HPs)
             Began as a Troll Fighter on June 5, 2022.
             Was an Elder of Okawaru.
             Mangled by a deep troll simulacrum (15 damage)
             ... on level 1 of the Vaults.
             The game lasted 05:42:41 (45450 turns).

MFDOOM the Wrestler (Troll Fighter)                Turns: 45450, Time: 05:42:50

Health: -12/210    AC: 23    Str: 33    XL:     20   Next: 92%
Magic:  0/34       EV: 10    Int: 11    God:    Okawaru [****..]
Gold:   1674       SH: 19    Dex: 15    Spells: 14/19 levels left

rFire   + . .      SeeInvis +     - Unarmed
rCold   . . .      Faith    .   a - +1 tower shield of the Elephant {rF+ rN+ Int+4 SInv}
rNeg    + + .      Spirit   +   B - +2 storm dragon scales
rPois   +          Reflect  .   P - +1 hat "Varid" {Drain rElec rPois MP+9}
rElec   +          Harm     .   O - +0 cloak of Fortification {Fly Regen+ Int+2 Dex+3}
rCorr   +          Rampage  .   (gloves unavailable)
Will    +....                   (boots unavailable)
Stlth   ..........              U - amulet of guardian spirit
HPRegen 2.05/turn               o - ring of Laotakh {rN+ rCorr Str-2 Int+5 SInv}
MPRegen 0.24/turn               r - ring of Gikliosh {rElec EV+4 Int-2 Dex+3}

@: mighty, flying
A: large, unfitting armour, claws 3, regeneration 1, shaggy fur 1, tough skin 1,
dopey 1, screaming 1
}: 2/15 runes: serpentine, barnacled
a: Renounce Religion, Heroism, Finesse


You were on level 1 of the Vaults.
You worshipped Okawaru.
Okawaru was greatly pleased with you.
You visited 9 branches of the dungeon, and saw 38 of its levels.
You visited the Abyss 1 time.
You also visited: Ice Cave, Volcano and Wizlab.

You collected 4137 gold pieces.
You spent 2463 gold pieces at shops.

Inventory:

Hand Weapons
 L - a +8 fustibalus of freezing
Missiles
 k - 6 curare-tipped darts
 l - 27 poisoned darts
 v - 10 boomerangs of dispersal
 x - 31 boomerangs
 y - 2 silver boomerangs
 z - 15 javelins
 A - 39 large rocks
 I - 5 throwing nets
 K - 25 atropa-tipped darts
 W - 8 silver javelins (quivered)
Armour
 a - the +1 tower shield of the Elephant (worn) {rF+ rN+ Int+4 SInv}
   (You acquired it on level 3 of the Elven Halls)

   Int:       It affects your intelligence (+4).
   rF:        It protects you from fire.
   rN:        It protects you from negative energy.
   SInv:      It lets you see invisible.
 B - +2 storm dragon scales (worn)
 N - a +2 kite shield of reflection
 O - the +0 cloak of Fortification (worn) {Fly Regen+ Int+2 Dex+3}
   (Okawaru gifted it to you on level 12 of the Dungeon)

   Int:       It affects your intelligence (+2).
   Dex:       It affects your dexterity (+3).
   Fly:       It grants you flight.
   Regen:     It increases your rate of health regeneration.
 P - the +1 hat "Varid" (worn) {Drain rElec rPois MP+9}
   (Okawaru gifted it to you on level 4 of the Snake Pit)

   rElec:     It insulates you from electricity.
   rPois:     It protects you from poison.
   MP:        It affects your magic capacity (+9).
   Drain:     It drains your maximum health when unequipped.
Magical Staves
 m - a staff of fire
 H - a staff of death
Jewellery
 o - the ring of Laotakh (left claw) {rN+ rCorr Str-2 Int+5 SInv}
   (You found it on level 4 of the Snake Pit)

   [ring of resist corrosion]

   Str:       It affects your strength (-2).
   Int:       It affects your intelligence (+5).
   rN:        It protects you from negative energy.
   SInv:      It lets you see invisible.
   rCorr:     It protects you from acid and corrosion.
 r - the ring of Gikliosh (right claw) {rElec EV+4 Int-2 Dex+3}
   (You found it on level 4 of the Snake Pit)

   [ring of evasion]

   EV:        It affects your evasion (+4).
   Int:       It affects your intelligence (-2).
   Dex:       It affects your dexterity (+3).
   rElec:     It insulates you from electricity.
 D - the ring of Bueverph {Fire rPois Will+}
   (You found it on level 4 of the Snake Pit)

   [ring of fire]

   It enhances your fire magic.
   rF:        It protects you from fire.
   rC:        It makes you vulnerable to cold.
   rPois:     It protects you from poison.
   Will:      It increases your willpower.
 U - an amulet of guardian spirit (around neck)
Wands
 f - a wand of iceblast (10)
 i - a wand of digging (5)
 n - a wand of acid (2)
 C - a wand of flame (92)
 R - a wand of mindburst (21)
Scrolls
 g - 18 scrolls of teleportation
 j - a scroll of magic mapping
 p - 5 scrolls of silence
 q - 4 scrolls of fog
 t - a scroll of enchant armour
 M - 2 scrolls of poison
 S - 2 scrolls of blinking
 V - 2 scrolls of fear
Potions
 c - a potion of might
 d - 5 potions of cancellation
 e - 11 potions of curing
 h - a potion of ambrosia
 s - 8 potions of magic
 F - 4 potions of resistance
 G - 2 potions of haste
 Q - 8 potions of mutation
 Z - 9 potions of brilliance
Miscellaneous
 b - a condenser vane
 u - a piece from Xom's chessboard (15/15)
 w - a piece from Xom's chessboard (15/15)
 J - a lightning rod (4/4)
 T - a lightning rod (4/4)
 X - a condenser vane
 Y - a phial of floods


   Skills:
 + Level 15.1 Fighting
 + Level 14.1 Throwing
 + Level 14.8 Armour
 - Level 2.4 Dodging
 + Level 13.3 Shields
 + Level 21.3 Unarmed Combat
 - Level 8.0 Invocations


You had 14 spell levels left.
You knew the following spells:

 Your Spells              Type           Power      Damage    Failure   Level
a - Blade Hands           Tmut           0%         N/A       100%        5

Your spell library contained the following spells:

 Spells                   Type           Power      Damage    Failure   Level
 Beastly Appendage        Tmut           0%         N/A       97%         1
 Foxfire                  Conj/Fire      0%         2x1d4     97%         1
 Freeze                   Ice            0%         1d3       97%         1
 Necrotize                Necr           0%         1d4       97%         1
 Blink                    Tloc           0%         N/A       99%         2
 Poisonous Vapours        Pois/Air       0%         N/A       99%         2
 Scorch                   Fire           0%         2d5       99%         2
 Sublimation of Blood     Necr           0%         N/A       99%         2
 Wereblood                Tmut           0%         N/A       99%         2
 Conjure Flame            Conj/Fire      0%         6-21      100%        3
 Frozen Ramparts          Ice            0%         1d2       100%        3
 Gell's Gravitas          Tloc           0%         N/A       100%        3
 Ignite Poison            Fire/Tmut/Pois 0%         N/A       100%        3
 Inner Flame              Hex/Fire       0%         N/A       100%        3
 Lesser Beckoning         Tloc           0%         N/A       100%        3
 Ozocubu's Armour         Ice            0%         N/A       100%        3
 Portal Projectile        Hex/Tloc       0%         N/A       100%        3
 Spider Form              Tmut/Pois      0%         N/A       100%        3
 Stone Arrow              Conj/Erth      0%         3d7       100%        3
 Teleport Other           Tloc           0%         N/A       100%        3
 Vampiric Draining        Necr           0%         2d6       100%        3
 Cause Fear               Hex            0%         N/A       100%        4
 Corpse Rot               Necr/Pois/Air  0%         N/A       100%        4
 Flame Wave               Conj/Fire      0%         2d4       100%        4
 Fulminant Prism          Conj/Hex       0%         3d6       100%        4
 Hailstorm                Conj/Ice       0%         3d3       100%        4
 Ice Form                 Ice/Tmut       0%         N/A       100%        4
 Iskenderun's Mystic Bla  Conj/Tloc      0%         2d3       100%        4
 Leda's Liquefaction      Hex/Erth       0%         N/A       100%        4
 Agony                    Necr           0%         N/A       100%        5
 Alistair's Intoxication  Tmut/Pois      0%         N/A       100%        5
 Fireball                 Conj/Fire      0%         3d3       100%        5
 Iskenderun's Battlesphe  Conj           0%         2d6       100%        5
 Lee's Rapid Deconstruct  Erth           0%         3d5*      100%        5
 Manifold Assault         Tloc           0%         N/A       100%        5
 Metabolic Englaciation   Hex/Ice        0%         N/A       100%        5
 Yara's Violent Unravell  Hex/Tmut       0%         3d3       100%        5
 Dispersal                Tloc           0%         N/A       100%        6
 Eringya's Noxious Bog    Tmut/Pois      0%         N/A       100%        6
 Iron Shot                Conj/Erth      0%         9d1       100%        6
 Starburst                Conj/Fire      0%         6d3       100%        6
 Storm Form               Tmut/Air       0%         N/A       100%        7
 Borgnjor's Revivificati  Necr           0%         N/A       100%        8
 Discord                  Hex            0%         N/A       100%        8
 Ignition                 Fire           0%         3d3       100%        8
 Lehudib's Crystal Spear  Conj/Erth      0%         10d2      100%        8
 Call Canine Familiar     Summ           Unusable   N/A       N/A         3
 Tukima's Dance           Hex            Unusable   N/A       N/A         3
 Animate Armour           Summ/Erth      Unusable   N/A       N/A         4
 Summon Ice Beast         Ice/Summ       Unusable   N/A       N/A         4
 Summon Lightning Spire   Summ/Air       Unusable   N/A       N/A         4
 Simulacrum               Ice/Necr       Unusable   N/A       N/A         6
 Spellforged Servitor     Conj/Summ      Unusable   N/A       N/A         7
 Summon Hydra             Summ           Unusable   N/A       N/A         7

Dungeon Overview and Level Annotations

Branches:
Dungeon (15/15)            Temple (1/1) D:4            Lair (6/6) D:8
 Shoals (4/4) Lair:2        Snake (4/4) Lair:2        Slime (2/5) Lair:6
    Orc (2/2) D:10            Elf (3/3) Orc:2        Vaults (1/5) D:13
 Depths (0/4) D:15          IceCv (visited)         Volcano (visited)
 WizLab (visited)

Altars:
Ashenzari
Cheibriados
Dithmenos
Elyvilon
Fedhas
Gozag
Hepliaklqana
Kikubaaqudgha
Makhleb
Nemelex Xobeh
Okawaru
Qazlal
Ru
Sif Muna
Trog
Uskayaw
Vehumet
Wu Jian
Xom
Yredelemnul
Zin
The Shining One
Jiyva
Lugonu

Shops:
D:3 **   D:6 :*??   D:9 *   D:10 ?   D:11 :   D:15 [   Orc:1 [   Orc:2 *:([=
Elf:2 =   Elf:3 :   Shoals:1 [   Shoals:3 (

Portals:
Abyss: Shoals:2


Innate Abilities, Weirdness & Mutations

You are too large for most types of armour.
You have claws for hands.
Your natural rate of healing is unusually fast.
You are covered in fur. (AC +1)
You have tough skin. (AC +1)
You are dopey. (Int -2)
You occasionally shout uncontrollably at your foes.


Message History

You eviscerate the deep troll!!!
The deep troll is almost dead.
The deep troll barely misses you. You block the deep troll's attack.
The deep troll claws you but does no damage.
The yaktaur simulacrum hits you but does no damage.
You mangle the deep troll!!
You kill the deep troll!
Okawaru accepts your kill.
A freezing mist starts to gather...
A deep troll simulacrum comes into view.
You block the boggart simulacrum's attack.
You mangle the ironbound convoker!!
You kill the ironbound convoker!
Okawaru accepts your kill. Okawaru grants you ammunition!
Something appears at your feet!
A freezing mist starts to gather...
An ironbound convoker simulacrum comes into view.
The boggart simulacrum hits you but does no damage.
You block the yaktaur simulacrum's attack.
You feel very mighty all of a sudden.
You block the deep troll simulacrum's attack.
The deep troll simulacrum claws you. The deep troll simulacrum freezes you!!
* * * LOW HITPOINT WARNING * * *
You block the deep troll simulacrum's attack.
The boggart simulacrum hits you but does no damage.
The yaktaur simulacrum hits you but does no damage.
You claw the yaktaur simulacrum!
The yaktaur simulacrum is heavily damaged.
A glowing shapeshifter skeleton comes into view.
The dire elephant simulacrum tramples you.
* * * LOW HITPOINT WARNING * * *
You hold your ground!
The dire elephant simulacrum trunk-slaps you.
* * * LOW HITPOINT WARNING * * *
The dire elephant simulacrum freezes you!!!
* * * LOW HITPOINT WARNING * * *
The deep troll simulacrum bites you.
* * * LOW HITPOINT WARNING * * *
The deep troll simulacrum freezes you!
You die...

......# #......#
..)...###########......#
.....[††........#......#
#######††(......#......#
#..Z......'......#
#..(......########
#........Z###### ##
#.......ZZ#....######## .#
+..(..).ZZ@Z...#......##..#
###########Z...###'##..#..#
#....##...##....#
##.###.....#.####
#...#..⌠..#...#
####.#.....###.##
#....##...##....#
#..#..##'###....#
#..##......#....#


You could see a dire elephant simulacrum, a boggart simulacrum (strong), a
yaktaur simulacrum, 2 deep troll simulacra, 2 ironbound convoker simulacra and a
glowing shapeshifter skeleton.

Vanquished Creatures
  An ancient lich (Abyss:3)
  Bai Suzhen (Snake:3)
  Vashnia (Arena)
  Nikola (Shoals:4)
  A bone dragon (Abyss:3)
  Rupert (D:12)
  Jorgrun (Elf:1)
  2 deep elf master archers (Elf:3)
  Asterion (Snake:1)
  2 deep elf blademasters (Elf:3)
  Polyphemus (Shoals:4)
  A tentacled starspawn (Abyss:3)
  A tengu reaver (Vaults:1)
  Donald (Snake:3)
  A storm dragon (Shoals:4)
  5 nagarajas
  4 deep elf sorcerers
  Louise (D:15)
  A fire giant (D:15)
  The ghost of dezertu the Sharpshooter, an adept SpHu of Dithmenos (Snake:4)
  3 vault wardens (Vaults:1)
  An orc warlord (Orc:2)
  Aizul (Snake:1)
  5 deep elf elementalists (Elf:3)
  A draconian shifter (Elf:3)
  2 ironbound preservers (Vaults:1)
  2 quicksilver oozes
  A war gargoyle (Vaults:1)
  7 deep elf demonologists
  An ironbound thunderhulk (Vaults:1)
  6 deep elf annihilators
  3 dire elephants (Vaults:1)
  11 merfolk impalers
  8 deep elf death magi
  2 crystal guardians (Vaults:1)
  Josephine (Snake:1)
  A great orb of eyes (Vaults:1)
  10 merfolk javelineers
  3 yaktaur captains (Vaults:1)
  Harold (D:9)
  2 deep elf high priests (Elf:3)
  11 vault guards
  2 boulder beetles
  4 salamander tyrants (Snake:4)
  2 peacekeepers (Vaults:1)
  5 catoblepae
  4 hydras
  6 merfolk aquamancers
  An ogre mage (Orc:2)
  3 merfolk avatars
  9 anacondas
  33 dancing weapons
  21 naga warriors
  7 centaur warriors
  2 tengu warriors
  The ghost of Qeler the Summoner, a journeyman TeSu of Ashenzari (Lair:2)
  An alligator snapping turtle (Shoals:3)
  20 death yaks
  7 two-headed ogres
  6 shock serpents
  4 satyrs
  A hell hog (Abyss:3)
  5 orc high priests
  15 naga sharpshooters
  6 thrashing horrors
  The ghost of robertstho the Thaumaturge, a novice DjFE of Makhleb (D:8)
  3 wretched stars (Abyss:3)
  Amaemon (Lair:1)
  26 deep elf knights
  2 soul eaters (WizLab)
  4 skeletal warriors (D:13)
  11 salamander mystics
  4 deep trolls (Vaults:1)
  6 sea snakes
  4 deep elf archers
  A goliath frog (Lair:6)
  17 naga ritualists
  A sea snake (shapeshifter) (Vaults:1)
  A spectral hydra (Lair:2)
  Pikel (D:5)
  5 wizards
  10 mana vipers
  2 ironbound convokers (Vaults:1)
  6 lindwurms
  6 orc knights (Orc:2)
  20 deep elf pyromancers
  5 necromancers
  24 deep elf zephyrmancers
  18 harpies
  A wolf spider (Elf:2)
  10 orc sorcerers
  15 fauns
  8 ugly things
  14 manticores
  23 slime creatures
  18 salamanders
  2 cyclopes (D:15)
  A shining eye (Shoals:2)
  An apocalypse crab (Shoals:2)
  2 worldbinders
  3 elephants (Lair:6)
  6 merfolk sirens
  45 black mambas
  3 guardian serpents
  Joseph (D:7)
  A gargoyle (D:12)
  12 water nymphs
  2 smoke demons (Abyss:3)
  A torpor snail (Lair:4)
  7 vault sentinels (Vaults:1)
  2 ice statues (IceCv)
  17 naga magi
  20 cane toads
  3 unseen horrors
  2 unseen horrors (shapeshifter)
  An orange demon (Lair:1)
  An efreet (Abyss:3)
  A freezing wraith (IceCv)
  8 komodo dragons
  Maggie (D:7)
  9 yaktaurs (Vaults:1)
  A hellion (Abyss:3)
  A kobold demonologist (D:13)
  A tormentor (WizLab)
  Psyche (D:12)
  3 rime drakes
  5 tengu conjurers
  3 polar bears
  5 trolls
  A harpy zombie (Abyss:3)
  2 tyrant leeches (Lair:6)
  31 merfolk
  27 blink frogs
  13 wind drakes
  2 hornets
  13 dream sheep
  8 snapping turtles
  A spectral dream sheep (Lair:2)
  6 large abominations
  A spectral black mamba (Lair:2)
  A flying skull (Abyss:3)
  Sigmund (D:3)
  A ynoxinul (Abyss:3)
  A shadow (Abyss:3)
  7 air elementals
  A dire elephant simulacrum (IceCv)
  32 water elementals
  5 wraiths
  7 wyverns
  A spectral komodo dragon (Lair:2)
  3 fire elementals
  75 yaks
  A basilisk (Lair:5)
  16 humans (D:13)
  A neqoxec (Abyss:3)
  2 steam dragons
  15 vampire mosquitoes
  A death yak simulacrum (Lair:2)
  2 spatial vortices (Shoals:2)
  2 wargs (Orc:2)
  An acid dragon (D:10)
  36 nagas
  27 water moccasins
  42 orc warriors
  5 sky beasts
  3 ice beasts
  12 ogres
  2 boggarts (Vaults:1)
  A black bear (D:5)
  10 wolves
  9 centaurs
  2 lemures (D:5)
  2 small abominations (Abyss:3)
  The ghost of jazmu the Bolt Thrower, an amateur GrHu (D:3)
  3 kobold brigands (D:7)
  3 elf zombies (Elf:2)
  22 bullfrogs
  3 necrophages
  4 scorpions
  An earth elemental (Elf:3)
  17 wights
  2 cane toad simulacra (IceCv)
  10 killer bees
  7 electric eels
  8 howler monkeys
  A jelly (D:6)
  4 quasits
  An iron imp (Abyss:3)
  A komodo dragon simulacrum (Lair:2)
  3 hounds
  A gnoll shaman (D:8)
  17 orc priests
  An iguana (D:6)
  Jessica (D:2)
  Terence (D:3)
  24 orc wizards
  6 hell rats (Lair:2)
  A polar bear simulacrum (IceCv)
  A wolf simulacrum (IceCv)
  7 adders
  3 gnolls (D:8)
  A shadow imp (D:7)
  3 white imps
  4 ufetubi
  2 dart slugs
  77 orcs
  7 bats
  9 endoplasms
  10 goblins
  5 hobgoblins
  4 jackals (D:1)
  3 quokkas
  3 ball pythons (D:1)
  2 frilled lizards
  25 kobolds
  7 rats
1465 creatures vanquished.

Vanquished Creatures (others)
  A deep elf knight (Elf:1)
  A boggart (shapeshifter) (Elf:2)
  A kobold (D:7)
  3 bushes
  48 fungi
  A lurking horror (Abyss:3)
  134 plants
  2 starspawn tentacles (Abyss:3)
  5 tentacles (Shoals:3)
196 creatures vanquished.

Grand Total: 1661 creatures vanquished

Notes
Turn   | Place    | Note
-------+----------+-------------------------------------------
     0 | D:1      | MFDOOM the Troll Fighter began the quest for the Orb.
     0 | D:1      | Reached XP level 1. HP: 22/22 MP: 0/0
    93 | D:1      | Found a faded altar of an unknown god.
   110 | D:1      | Prayed at the altar of an unknown god.
   110 | D:1      | Became a worshipper of Warmaster Okawaru
   110 | D:1      | Reached * piety under Okawaru
   345 | D:1      | Reached XP level 2. HP: 29/29 MP: 1/1
   716 | D:1      | Reached XP level 3. HP: 36/36 MP: 2/2
  1142 | D:2      | Noticed Jessica
  1151 | D:2      | Killed Jessica
  1380 | D:2      | Reached XP level 4. HP: 44/44 MP: 3/3
  1567 | D:3      | Found a runed translucent gate.
  1567 | D:3      | Found a runed translucent gate.
  1567 | D:3      | Found a runed translucent gate.
  1568 | D:3      | Noticed jazmu's ghost (amateur GrHu)
  1713 | D:3      | Noticed Sigmund
  1729 | D:3      | Killed Sigmund
  1729 | D:3      | Reached ** piety under Okawaru
  1730 | D:3      | Reached skill level 3 in Unarmed Combat
  1730 | D:3      | Reached XP level 5. HP: 29/53 MP: 2/4
  1822 | D:3      | Reached XP level 6. HP: 32/61 MP: 5/5
  1881 | D:3      | Found Duda's Assorted Antiques.
  1884 | D:3      | Bought a tapered silver wand for 96 gold pieces
  1913 | D:3      | Noticed Terence
  1918 | D:3      | Killed Terence
  1919 | D:3      | Reached skill level 5 in Shields
  2118 | D:3      | Found Ruv Unod's General Store.
  2126 | D:3      | Bought a scroll of identify for 22 gold pieces
  2575 | D:4      | Reached skill level 4 in Unarmed Combat
  2598 | D:4      | Reached XP level 7. HP: 68/68 MP: 4/6
  2751 | D:4      | Found a staircase to the Ecumenical Temple.
  2966 | Temple   | Entered the Ecumenical Temple
  3076 | D:5      | Entered Level 5 of the Dungeon
  3128 | D:5      | Identified the +6 scale mail of Zin's Grace {Will+ Int+2}
  3156 | D:5      | Reached *** piety under Okawaru
  3251 | D:5      | Paralysed by an orc warrior for 2 turns
  3358 | D:5      | Reached skill level 5 in Unarmed Combat
  3358 | D:5      | Reached XP level 8. HP: 57/79 MP: 7/7
  3427 | D:5      | Noticed Pikel
  3488 | D:5      | Killed Pikel
  3489 | D:5      | Reached skill level 5 in Fighting
  4360 | D:6      | Reached **** piety under Okawaru
  4361 | D:6      | Reached skill level 6 in Unarmed Combat
  4435 | D:6      | Found Suthrit's Book Boutique.
  4445 | D:6      | Reached XP level 9. HP: 88/88 MP: 8/8
  4470 | D:6      | Reached skill level 1 in Throwing
  4589 | D:6      | Found Jowk's Assorted Antiques.
  4598 | D:6      | Bought an embroidered cloak for 157 gold pieces
  4845 | D:6      | Found Teupiorchy's Magic Scroll Shoppe.
  5115 | D:6      | Found Gomom's Magic Scroll Boutique.
  5237 | D:7      | Reached skill level 7 in Unarmed Combat
  5249 | D:7      | Noticed Maggie
  5284 | D:7      | Killed Maggie
  5585 | D:7      | Learned a level 5 spell: Blade Hands
  5660 | D:7      | Reached skill level 8 in Unarmed Combat
  5721 | D:7      | Reached skill level 1 in Armour
  6103 | D:7      | Noticed Joseph
  6113 | D:7      | Killed Joseph
  6113 | D:7      | Received a gift from Okawaru
  6114 | D:7      | Reached XP level 10. HP: 96/100 MP: 9/9
  6228 | D:7      | Found an opulent altar of Gozag.
  6567 | D:7      | Reached ***** piety under Okawaru
  6609 | D:8      | Noticed a death yak
  6614 | D:8      | Noticed a death yak
  6615 | D:8      | Noticed a death yak
  6617 | D:8      | Noticed a death yak
  6618 | D:8      | Killed a death yak
  6618 | D:8      | Received a gift from Okawaru
  6619 | D:8      | Reached skill level 9 in Unarmed Combat
  6619 | D:8      | Noticed a death yak
  6619 | D:8      | Noticed a death yak
  6926 | D:8      | Identified the +4 long sword "Eqoc Pav" {flame, *Rage rF+
                  | Int+2}
  6937 | D:8      | Found a transporter.
  6956 | D:8      | Noticed robertstho's ghost (novice DjFE)
  6989 | D:8      | Killed a death yak
  6989 | D:8      | Received a gift from Okawaru
  7001 | D:8      | Killed a death yak
  7006 | D:8      | Killed a death yak
  7007 | D:8      | Reached skill level 5 in Throwing
  7007 | D:8      | Reached skill level 10 in Unarmed Combat
  7130 | D:8      | Found a staircase to the Lair.
  7375 | D:8      | Found a transporter.
  7447 | D:8      | Reached XP level 11. HP: 107/108 MP: 10/10
  7777 | Lair:1   | Entered Level 1 of the Lair of Beasts
  7839 | Lair:1   | Noticed Amaemon
  7866 | Lair:1   | Killed Amaemon
  7880 | Lair:1   | Found a dark tunnel.
  7906 | Volcano  | Entered a volcano
  7993 | Volcano  | Noticed a salamander mystic
  8004 | Volcano  | Killed a salamander mystic
  8004 | Volcano  | Received a gift from Okawaru
  8004 | Volcano  | Found the +3 robe of Clouds {*Thunder rCloud rElec}
  8080 | Volcano  | Reached skill level 5 in Armour
  8178 | Lair:1   | Noticed a four-headed hydra
  8183 | Lair:1   | Killed a five-headed hydra
  9243 | Lair:2   | Found a glowing silver altar of Zin.
  9344 | Lair:2   | Found a staircase to the Snake Pit.
  9657 | Lair:2   | Found a runed translucent gate.
  9658 | Lair:2   | Found a runed translucent gate.
  9658 | Lair:2   | Found a runed translucent gate.
  9688 | Lair:2   | Reached skill level 11 in Unarmed Combat
  9694 | Lair:2   | Reached XP level 12. HP: 111/119 MP: 11/11
  9926 | Lair:2   | Identified the +0 hat "Xasm" {+Inv rCorr Dex+3} (Okawaru
                  | gifted it to you on level 2 of the Lair of Beasts)
  9926 | Lair:2   | Received a gift from Okawaru
 10068 | Lair:2   | Noticed Qeler's ghost (journeyman TeSu)
 10092 | Lair:2   | Found a staircase to the Shoals.
 10704 | Lair:3   | Reached ****** piety under Okawaru
 11306 | Lair:4   | Reached skill level 12 in Unarmed Combat
 11399 | Lair:4   | Noticed a death yak
 11541 | Lair:4   | Noticed a death yak
 12031 | Lair:4   | Killed a death yak
 12037 | Lair:4   | Killed a death yak
 12475 | Lair:5   | Received a gift from Okawaru
 12570 | Lair:5   | Reached XP level 13. HP: 131/131 MP: 12/12
 12846 | Lair:5   | Received a gift from Okawaru
 12854 | Lair:5   | Reached skill level 13 in Unarmed Combat
 12858 | Lair:5   | Received a gift from Okawaru
 13417 | Lair:5   | Identified the +1 steam dragon scales of the Pirate {+Inv
                  | Str-2 SInv} (Okawaru gifted it to you on level 5 of the
                  | Lair of Beasts)
 13417 | Lair:5   | Received a gift from Okawaru
 13517 | Lair:6   | Entered Level 6 of the Lair of Beasts
 14005 | Lair:6   | Reached skill level 14 in Unarmed Combat
 14145 | Lair:6   | Received a gift from Okawaru
 14379 | Lair:6   | Received a gift from Okawaru
 14456 | Lair:6   | Reached XP level 14. HP: 141/141 MP: 13/13
 14458 | Lair:6   | Found a viscous altar of Jiyva.
 14462 | Lair:6   | Found a staircase to the Slime Pits.
 14474 | Lair:6   | Reached skill level 10 in Fighting
 14568 | Lair:6   | Received a gift from Okawaru
 15066 | Lair:6   | Got Tuiwkau's Collected Works on Dark Rites and
                  | Weightlessness
 15544 | D:6      | Bought a scroll of identify for 22 gold pieces
 15544 | D:6      | Bought a scroll of identify for 22 gold pieces
 15544 | D:6      | Bought a scroll of identify for 22 gold pieces
 15580 | D:6      | Bought a scroll of enchant armour for 97 gold pieces
 15628 | D:6      | Bought a scroll labelled ENKOXTITOID for 21 gold pieces
 15628 | D:6      | Bought a bubbling orange potion for 18 gold pieces
 15628 | D:6      | Bought a brown potion for 18 gold pieces
 15653 | D:6      | Reached skill level 15 in Unarmed Combat
 15738 | D:3      | Bought a runed robe for 88 gold pieces
 15782 | D:3      | Killed jazmu's ghost
 15895 | D:9      | Found Plog's Assorted Antiques.
 15895 | D:9      | You fall into a shaft and drop 2 floors!
 16098 | D:11     | Reached skill level 10 in Throwing
 16144 | D:10     | Entered Level 10 of the Dungeon
 16214 | D:10     | Found Dinaecob's Magic Scroll Boutique.
 16501 | D:10     | Found a staircase to the Orcish Mines.
 16832 | D:9      | Noticed Harold
 16851 | D:9      | Killed Harold
 16868 | D:9      | Bought a moonstone ring for 135 gold pieces
 16974 | D:9      | Received a gift from Okawaru
 17538 | Orc:1    | Entered Level 1 of the Orcish Mines
 17648 | Orc:1    | Received a gift from Okawaru
 17731 | Orc:1    | Found Xoroci's Antique Armour Emporium.
 17976 | Orc:2    | Entered Level 2 of the Orcish Mines
 18183 | Orc:2    | Reached skill level 10 in Armour
 18290 | Orc:2    | Found Cient's Antique Armour Shop.
 18297 | Orc:2    | Found a staircase to the Elven Halls.
 18313 | Orc:2    | Received a gift from Okawaru
 18524 | Orc:2    | Noticed an orc warlord
 18546 | Orc:2    | Reached skill level 1 in Invocations
 18555 | Orc:2    | Killed an orc warlord
 18750 | Orc:2    | Found Xiargh's Antique Weapon Emporium.
 18835 | Orc:2    | Reached XP level 15. HP: 96/152 MP: 16/16
 18846 | Orc:2    | Paralysed by an orc sorcerer for 4 turns
 18864 | Orc:2    | Paralysed by an orc sorcerer for 2 turns
 18873 | Orc:2    | Paralysed by an orc sorcerer for 2 turns
 19221 | Orc:2    | Found Wuxutalase's General Store.
 19480 | Orc:2    | Reached skill level 5 in Invocations
 19531 | Orc:2    | Found Qeonlef's Jewellery Shop.
 19709 | Orc:2    | Paralysed by an ogre mage for 4 turns
 19730 | Orc:2    | Reached skill level 16 in Unarmed Combat
 19732 | Orc:2    | Received a gift from Okawaru
 19815 | Orc:2    | Found Tufopec's Book Emporium.
 19998 | Orc:2    | Bought a fading fustibalus for 620 gold pieces
 19998 | Orc:2    | Identified the +2 fustibalus of Severance {speed, Fragile
                  | Int+5} (You bought it in a shop on level 2 of the Orcish
                  | Mines)
 20237 | D:11     | Found Taatz's Book Shop.
 20721 | D:12     | Noticed Psyche
 20735 | D:12     | Killed Psyche
 20763 | D:12     | Identified the +0 cloak of Fortification {Fly Regen+ Int+2
                  | Dex+3} (Okawaru gifted it to you on level 12 of the
                  | Dungeon)
 20763 | D:12     | Received a gift from Okawaru
 20826 | D:12     | Noticed Rupert
 20827 | D:12     | Paralysed by Rupert for 4 turns
 20843 | D:12     | HP: 6/152 [Rupert/+4 great sword of holy wrath (18)]
 20844 | D:12     | Killed Rupert
 21239 | D:12     | Found a frozen archway.
 21274 | IceCv    | Entered an ice cave
 21404 | IceCv    | Found a transporter.
 21433 | IceCv    | Found a transporter.
 21947 | Snake:1  | Entered Level 1 of the Snake Pit
 21947 | Snake:1  | Noticed Asterion
 21949 | Snake:1  | Noticed an Executioner
 21953 | Snake:1  | Killed Asterion
 22270 | Snake:1  | Noticed Aizul
 22287 | Snake:1  | Killed Aizul
 22727 | Snake:1  | Found an opulent altar of Gozag.
 22728 | Snake:1  | Noticed Josephine
 22745 | Snake:1  | Killed Josephine
 22745 | Snake:1  | Received a gift from Okawaru
 23018 | Snake:1  | Received a gift from Okawaru
 23093 | Snake:2  | Reached XP level 16. HP: 137/162 MP: 20/20
 23479 | Snake:2  | Identified the +3 ring mail of Happiness {rC+ Int+5}
 23599 | Snake:2  | Identified the +9 halberd "Duit" {freeze, Str+4} (Okawaru
                  | gifted it to you on level 2 of the Snake Pit)
 23599 | Snake:2  | Received a gift from Okawaru
 24218 | Snake:3  | Noticed Donald
 24264 | Snake:3  | Killed Donald
 24511 | Snake:3  | Noticed Bai Suzhen
 24521 | Snake:3  | Killed Bai Suzhen
 25127 | D:3      | Bought a scroll of blinking for 82 gold pieces
 25127 | D:3      | Bought a scroll of teleportation for 33 gold pieces
 25164 | D:6      | Bought 3 scrolls of teleportation for 99 gold pieces
 25164 | D:6      | Bought a scroll of teleportation for 33 gold pieces
 25191 | D:3      | Bought a scroll of blinking for 180 gold pieces
 25342 | D:8      | Killed robertstho's ghost
 25457 | Lair:2   | Killed Qeler's ghost
 25530 | Shoals:1 | Entered Level 1 of the Shoals
 25582 | Shoals:1 | Reached skill level 17 in Unarmed Combat
 25722 | Shoals:1 | Found Xazecw's Antique Armour Emporium.
 25808 | Shoals:1 | Identified the +4 robe of Amorality {SInv} (Okawaru gifted
                  | it to you on level 1 of the Shoals)
 25808 | Shoals:1 | Received a gift from Okawaru
 26711 | Shoals:2 | Paralysed by an apocalypse crab for 4 turns
 26758 | Shoals:2 | Found a runed translucent door.
 27168 | Shoals:2 | Found a corrupted altar of Lugonu.
 27168 | Shoals:2 | Found a one-way gate to the infinite horrors of the Abyss.
 27725 | Shoals:3 | Reached XP level 17. HP: 164/172 MP: 21/21
 27845 | Shoals:3 | Received a gift from Okawaru
 27973 | Shoals:3 | Found Askainn's Antique Weapon Boutique.
 28509 | Shoals:3 | Noticed a kraken
 28733 | Slime:1  | Entered Level 1 of the Pits of Slime
 28748 | Slime:1  | You are sucked into a shaft and drop 1 floor!
 28796 | Slime:1  | Noticed an acid blob
 29086 | Snake:4  | Entered Level 4 of the Snake Pit
 29136 | Snake:4  | Reached skill level 18 in Unarmed Combat
 29439 | Snake:4  | Found a runed translucent door.
 29439 | Snake:4  | Noticed dezertu's ghost (adept SpHu)
 29807 | Snake:4  | Identified the +4 short sword of Nunaid {freeze, Int+5}
                  | (Okawaru gifted it to you on level 4 of the Snake Pit)
 29807 | Snake:4  | Received a gift from Okawaru
 29994 | Snake:4  | Identified the ring of Laotakh {rN+ rCorr Str-2 Int+5 SInv}
 29998 | Snake:4  | Identified the ring of Gikliosh {rElec EV+4 Int-2 Dex+3}
 30254 | Snake:4  | Identified the +1 hat "Varid" {Drain rElec rPois MP+9}
                  | (Okawaru gifted it to you on level 4 of the Snake Pit)
 30254 | Snake:4  | Received a gift from Okawaru
 30522 | Orc:2    | Bought an amulet of guardian spirit for 510 gold pieces
 31058 | Snake:4  | Reached skill level 10 in Shields
 31214 | Snake:4  | Reached skill level 19 in Unarmed Combat
 31394 | Snake:4  | Reached XP level 18. HP: 146/184 MP: 22/22
 31618 | Snake:4  | Noticed Vashnia
 31619 | Arena    | Entered the Arena
 31628 | Arena    | Killed Vashnia
 31730 | Snake:4  | Got a serpentine rune of Zot
 31756 | Snake:4  | Received a gift from Okawaru
 32013 | Snake:4  | Identified the ring of Bueverph {Fire rPois Will+}
 32335 | Shoals:4 | Entered Level 4 of the Shoals
 32353 | Shoals:4 | Paralysed by an air elemental for 1 turns
 32400 | Shoals:4 | Paralysed by an air elemental for 1 turns
 32405 | Shoals:4 | Paralysed by an air elemental for 1 turns
 32485 | Shoals:4 | Paralysed by an air elemental for 1 turns
 32863 | Shoals:4 | Paralysed by an air elemental for 1 turns
 32868 | Shoals:4 | Paralysed by an air elemental for 1 turns
 33000 | Shoals:4 | Received a gift from Okawaru
 33981 | Shoals:4 | Noticed Polyphemus
 33991 | Shoals:4 | Killed Polyphemus
 34688 | Shoals:4 | Noticed Nikola
 34706 | Shoals:4 | Killed Nikola
 34865 | Shoals:4 | Got a barnacled rune of Zot
 35331 | D:13     | Reached skill level 20 in Unarmed Combat
 35643 | D:13     | Received a gift from Okawaru
 35685 | D:13     | Reached XP level 19. HP: 196/196 MP: 24/24
 35715 | D:13     | Found a gate to the Vaults.
 36193 | D:13     | Found a bloodstained altar of Trog.
 36234 | D:14     | Received a gift from Okawaru
 36665 | D:15     | Entered Level 15 of the Dungeon
 36773 | D:15     | Found Hiahen's Antique Armour Shop.
 36812 | D:15     | Bought a smoking robe for 188 gold pieces
 36812 | D:15     | Identified the +2 robe of Circular Logic {rPois rF+ rC+++
                  | MP-9} (You bought it in a shop on level 15 of the Dungeon)
 37046 | D:15     | Found a staircase to the Depths.
 37270 | D:15     | Noticed Louise
 37285 | D:15     | Killed Louise
 38029 | Elf:1    | Entered Level 1 of the Elven Halls
 38350 | Elf:1    | Received a gift from Okawaru
 38494 | Elf:1    | Received a gift from Okawaru
 38638 | Elf:1    | Noticed Jorgrun
 38646 | Elf:1    | Killed Jorgrun
 39285 | Elf:2    | Received a gift from Okawaru
 39453 | Elf:2    | Got Wukesh's Almanac of Unholy Arts
 39464 | Elf:2    | Found Hejox's Jewellery Boutique.
 39498 | Elf:2    | Noticed a Tzitzimitl
 39638 | Elf:2    | Found a runed translucent gate.
 39638 | Elf:2    | Found a runed translucent gate.
 39643 | Elf:2    | Found a runed translucent gate.
 40063 | Elf:2    | Received a gift from Okawaru
 40294 | Elf:2    | Identified the +7 broad axe "Eniriema" {flame, MP+9 Str-2
                  | Int+3} (Okawaru gifted it to you on level 2 of the Elven
                  | Halls)
 40294 | Elf:2    | Received a gift from Okawaru
 40613 | Elf:3    | Entered Level 3 of the Elven Halls
 40641 | Elf:3    | Found a magical portal.
 40646 | WizLab   | Entered Doroklohe's Tomb
 40889 | WizLab   | Noticed a Brimstone Fiend
 40902 | WizLab   | Reached XP level 20. HP: 54/208 MP: 3/25
 41237 | Elf:3    | Found Unaf's One-of-a-Kind Books.
 42109 | Elf:3    | Identified a scroll of acquirement
 42222 | Elf:3    | Identified the +0 steam dragon scales "Cedeqaej" {Harm
                  | Rampage rPois SInv} (Okawaru gifted it to you on level 3 of
                  | the Elven Halls)
 42222 | Elf:3    | Received a gift from Okawaru
 42282 | Elf:3    | Identified the +8 scimitar of Obsession {flame, rF+ Int+2
                  | Dex+4}
 42285 | Elf:3    | Identified the +6 scimitar of Soushrix {vorpal, rN++
                  | Stlth+}
 42374 | Elf:3    | Identified the +0 buckler of Qazlal's Condemnation {rC+
                  | Regen+ SInv}
 42430 | Elf:3    | Cast into level 3 of the Abyss (a deep elf demonologist)
 42736 | Abyss:3  | Gained mutation: You occasionally shout uncontrollably at
                  | your foes. [a neqoxec]
 42742 | Abyss:3  | Noticed an ancient lich
 42753 | Abyss:3  | Killed an ancient lich
 42861 | Abyss:3  | Noticed a bone dragon
 42878 | Abyss:3  | Killed a bone dragon
 43063 | Elf:3    | Escaped the Abyss
 43160 | Elf:3    | Found the +7 mace of Variability {chain chaos}
 43183 | Elf:3    | Reached skill level 21 in Unarmed Combat
 43250 | Elf:3    | Got the Almanac of Intoxication
 43252 | Elf:3    | Got the Handbook of Ensnaring Heat
 43260 | Elf:3    | Identified the +8 chain mail "Gaqa" {rF+ Regen+ Int+2
                  | Slay+2}
 43278 | Elf:3    | Identified the +9 scythe "Tuoskaots" {vorpal, MP+9 SInv}
 43325 | Elf:3    | Acquired the +1 tower shield of the Elephant {rF+ rN+ Int+4
                  | SInv}
 44076 | Shoals:2 | Gained mutation: You are dopey. (Int -2) [a shining eye]
 44351 | Snake:4  | Killed dezertu's ghost
 44648 | Vaults:1 | Entered Level 1 of the Vaults
 44677 | Vaults:1 | Paralysed by a great orb of eyes for 4 turns
 45155 | Vaults:1 | Reached skill level 15 in Fighting
 45448 | Vaults:1 | Received a gift from Okawaru
 45450 | Vaults:1 | HP: 4/210 [dire elephant simulacrum[a necromancer] (37)]
 45450 | Vaults:1 | Mangled by a deep troll simulacrum

Illustrated notes

Levels and vault maps discovered:
D:1:      sevenhm_arrival_forest_fort_small_5, layout_basic,
          basic_ecumenical_altar
D:2:      layout_basic, uniq_jessica
D:3:      layout_basic, gammafunk_ghost_split, serial_shops,
          nicolae_shop_behind_doors, shop_fountains, uniq_sigmund, uniq_terence
D:4:      layout_gridville, minmay_temple_entry_glassed_door
D:5:      layout_basic, kennysheep_generic_room_14, uniq_pikel
D:6:      layout_loops_ring, serial_shops, nicolae_shop_window_shopping,
          nicolae_shop_overgrown_old_shop, nicolae_stop_n_shop_2,
          nicolae_stop_n_shop_1, minivault_14, due_unseen_surprise
D:7:      cheibrodos_quashed, layout_basic, nicolae_gozag_seed_capital,
          serial_bayou, serial_bayou_shore_a, serial_bayou_pond_b,
          serial_bayou_shore_b, serial_bayou_ford_a, serial_bayou_pond_e,
          serial_bayou_pond_e, uniq_maggie, uniq_joseph
D:8:      layout_loops_ring, dpeg_lair_monsters, serial_glass, glass_columns_a,
          glass_columns_b, gammafunk_ghost_stat_death
D:9:      layout_rooms, serial_shops, shop, uniq_harold
D:10:     layout_basic, orc_0_dummy, serial_shops, nicolae_lakefront_shop,
          enter_bailey_2, minmay_statues_item, nicolae_straight_to_the_point
D:11:     layout_gridville, serial_shops, nicolae_square_shop
D:12:     layout_basic, portal_ice_cave_entry_pillars_1, uniq_psyche,
          uniq_rupert
D:13:     layout_roguey, grunt_vaults_entry_tiered, trog_hazing_becter
D:14:     layout_big_octagon, serial_park, serial_park_avenue1,
          serial_park_tiny_pond, serial_park_tiny_1
D:15:     grunt_enter_depths_giant_problem, layout_basic, nrook_mini_vaults,
          serial_shops, shop, uniq_louise
Temple:   compressed_dpeg_circular_temple
Lair:1:   layout_cave_pods, enter_volcano_1, small_statue_intersection,
          uniq_amaemon
Lair:2:   layout_cave_pods, elwin_shoals_entry_rooms,
          minmay_snake_entry_six_corridors, gammafunk_ghost_necromancy,
          basic_altar, grunt_megastairs_5
Lair:3:   layout_gridlike, minivault_26
Lair:4:   layout_regular_city, grunt_megastairs_3
Lair:5:   layout_cellular_growth, minivault_24, lemuel_fruit_fields,
          serial_bayou_shore_b
Lair:6:   minmay_lair_end_frog_pond, layout_gridlike, slime_altar_1
Shoals:1: layout_shoals, serial_shops, shop
Shoals:2: layout_shoals, nicolae_shoals_abyss_on_the_beach
Shoals:3: layout_shoals, serial_shops, shop
Shoals:4: shoals_end_hellmonk_storm_palace [storm_palace_center_ruins,
          storm_palace_corner_blocked, storm_palace_corner_reverse_hut,
          storm_palace_corner_reverse_hut, storm_palace_corner_narrow],
          serial_shops, uniq_nikola, uniq_polyphemus
Snake:1:  layout_onion_interference, basic_altar, drop_trap, uniq_josephine,
          uniq_asterion, uniq_aizul
Snake:2:  layout_misc_corridors, special_room
Snake:3:  layout_cave_pods, uniq_bai_suzhen, uniq_donald
Snake:4:  johnstein_snake_rune_scales, layout_misc_corridors,
          hellmonk_ghost_happy_afterlife, grunt_ministairs_4,
          nicolae_snake_naga_rites
Slime:1:  layout_caves
Slime:2:  layout_caves
Orc:1:    layout_caves, serial_shops, shop
Orc:2:    grunt_orc_gardens, layout_caves, grunt_orc_garden, grunt_orc_garden,
          grunt_orc_garden, grunt_orc_garden, guppyfry_orc_lava_fort
Elf:1:    layout_gridlike, hangedman_elf_represent, hex_tiny, uniq_jorgrun
Elf:2:    elven_hall_of_blades_hangedman_original
          [nicolae_vaults_blade_armed_guards], layout_gridlike, serial_shops,
          nicolae_square_shop, minmay_elf_necromancy
Elf:3:    elf_hall_gauntlet_narrow, layout_onion_city, mu_enter_wizlab_2,
          abandoned_shop, nicolae_rare_books
Vaults:1: ontoclasm_vaults_idyll, hangedman_vaults_corner,
          nicolae_vaults_triangles, st_greater_box_4, vaults_dpeg_encased_lava,
          v_misc_3, ontoclasm_vaults_misaligned, hangedman_vaults_stream,
          nicolae_vaults_what_the_h, vaults_room_stairs_pillars,
          ontoclasm_vaults_tryst, vaults_room_semicircle,
          nicolae_vaults_little_squares_5, ontoclasm_vaults_loading_screen,
          layout_vaults_maze_snakey

Skill      XL: |  1  2  3  4  5  6  7  8  9 10 11 12 13 14 15 16 17 18 19 20 |
---------------+-------------------------------------------------------------+-----
Shields        | 3 4 5 6 8 10 11 12 13 | 13.3
Fighting       | 3 4 5 6 7 8 9 10 11 12 13 14 15 | 15.1
Unarmed Combat | 3 4 5 6 8 10 11 12 14 15 16 17 19 20 21 | 21.3
Throwing       | 3 5 7 8 9 10 11 12 13 14 | 14.1
Armour         | 1 3 6 8 9 10 11 12 13 14 | 14.8
Invocations    | 3 6 7 8 |  8.0
Dodging        | |  2.4

Action                   |  1- 3 |  4- 6 |  7- 9 | 10-12 | 13-15 | 16-18 | 19-21 || total
-------------------------+-------+-------+-------+-------+-------+-------+-------++-------
Melee: Unarmed           |   102 |    88 |   281 |   610 |  1229 |  1382 |  1104 ||  4796
Throw: Dart              |       |     7 |    24 |     4 |     8 |    27 |     2 ||    72
       Javelin           |       |       |    11 |     4 |    49 |   160 |    35 ||   259
       Throwing net      |       |       |     2 |       |       |       |       ||     2
       Boomerang         |       |       |       |     8 |    55 |    15 |       ||    78
       Stone             |       |       |       |    24 |    20 |    14 |       ||    58
       Large rock        |       |       |       |     4 |    52 |    48 |    72 ||   176
Invok: Heroism           |     1 |     3 |     3 |     9 |    20 |    31 |    34 ||   101
       Finesse           |       |       |       |       |     1 |     3 |     9 ||    13
       Duel              |       |       |       |       |       |     1 |       ||     1
Evoke: Wand              |       |       |     1 |     1 |       |     4 |     2 ||     8
  Use: Scroll            |       |     4 |     2 |    24 |    17 |    13 |    17 ||    77
       Potion            |       |       |     3 |     5 |     4 |    12 |     5 ||    29
 Stab: Held in net/web   |       |       |     1 |       |       |       |       ||     1
       Invisible         |       |       |       |       |       |     2 |       ||     2
Armor: Robe              |    34 |    27 |    49 |       |       |       |       ||   110
       Swamp dragon scal |       |       |    20 |   199 |   504 |   412 |       ||  1135
       Storm dragon scal |       |       |       |       |       |    28 |   346 ||   374
Dodge: Dodged            |    29 |    21 |    97 |   179 |   293 |   454 |   281 ||  1354
Block: Kite shield       |    33 |    31 |   109 |   255 |   505 |   748 |   465 ||  2146
       Reflection        |       |       |       |       |       |    57 |    62 ||   119
       Tower shield      |       |       |       |       |       |       |   191 ||   191

Table legend: (Time is in decaauts)
 A = Elapsed time spent in this place.
 B = Non-inter-level travel time spent in this place.
 C = Inter-level travel time spent in this place.
 D = Time resting spent in this place.
 E = Time spent auto-exploring this place.
 F = Levels seen in this place.
 G = Mean time per level.
                   A        B        C        D        E       F      G
               +--------+--------+--------+--------+--------+-----+--------+
         Total |  44575 |  39889 |   4686 |   6273 |  19683 |  43 | 1036.6 |
       Dungeon |  15217 |  13108 |   2109 |   2035 |   7589 |  15 | 1014.5 |
        Temple |     88 |     73 |     15 |      0 |     55 |   1 |   88.0 |
          Lair |   8319 |   7394 |    925 |   1040 |   4336 |   6 | 1386.5 |
        Shoals |   5920 |   5467 |    453 |    812 |   2086 |   4 | 1480.0 |
     Snake Pit |   5944 |   5314 |    630 |    798 |   2493 |   4 | 1486.0 |
    Slime Pits |     79 |     79 |      0 |     36 |      0 |   2 |   39.5 |
  Orcish Mines |   2494 |   2313 |    181 |    435 |    906 |   2 | 1247.0 |
   Elven Halls |   4430 |   4062 |    368 |    559 |   1933 |   3 | 1476.7 |
        Vaults |    743 |    743 |      0 |    289 |    149 |   1 |  743.0 |
         Abyss |    584 |    584 |      0 |     14 |     98 |   1 |  584.0 |
      Ice Cave |    270 |    270 |      0 |    153 |     22 |   1 |  270.0 |
       Volcano |    201 |    201 |      0 |     86 |     10 |   1 |  201.0 |
        Wizlab |    256 |    256 |      0 |      0 |      5 |   1 |  256.0 |
         Arena |     25 |     25 |      0 |     15 |      0 |   1 |   25.0 |
               +--------+--------+--------+--------+--------+-----+--------+

Top non-repeatable levels by time:
Shoals:4: 2594 daAuts
 Snake:4: 2581 daAuts
  Lair:6: 1977 daAuts
   Elf:3: 1897 daAuts
  Lair:2: 1735 daAuts
   Orc:2: 1630 daAuts
     D:7: 1531 daAuts
   Elf:2: 1463 daAuts
     D:8: 1356 daAuts
     D:5: 1320 daAuts
  Lair:1: 1284 daAuts
 Snake:1: 1280 daAuts
 Snake:3: 1278 daAuts
Shoals:2: 1274 daAuts
Shoals:3: 1208 daAuts
